 Dungeon Crawl Stone Soup version 0.19-a0-1740-g0bcaf2e (webtiles) character file.

277 Amnesiac the Digger (level 6, -8/32 HPs)
             Began as a Deep Elf Earth Elementalist on Oct 2, 2016.
             Killed by miscasting Petrify (17 damage)
             ... on level 4 of the Dungeon.
             The game lasted 00:03:34 (1018 turns).

Amnesiac the Digger (Deep Elf Earth Elementalist)   Turns: 1018, Time: 00:03:35

Health: -8/32      AC:  2    Str:  5    XL:     6   Next: 4%
Magic:  1/12       EV: 13    Int: 20    God:
Gold:   82         SH:  0    Dex: 17    Spells: 3 memorised, 4 levels left

rFire  . . .     SeeInvis .     (no weapon)
rCold  . . .     Gourm    .     c - +0 robe
rNeg   . . .     Faith    .     (no shield)
rPois  .         Spirit   .     (no helmet)
rElec  .         Dismiss  .     (no cloak)
rCorr  .         Reflect  .     (no gloves)
MR     .....     Harm     .     (no boots)
Stlth  ++........               (no amulet)
                                (no ring)
                                (no ring)

@: very slightly contaminated, drained
A: no striking features
a: no special abilities


You were on level 4 of the Dungeon.
You were not hungry.

You visited 2 branches of the dungeon, and saw 6 of its levels.

You collected 82 gold pieces.

Inventory:

Armour
 c - a +0 robe (worn)
Scrolls
 j - a scroll of amnesia {unknown}
 k - a scroll of random uselessness {unknown}
 l - a scroll of enchant armour {unknown}
 n - a scroll of identify {unknown}
Potions
 f - a potion of lignification {unknown}
 g - a potion of brilliance {unknown}
 h - 3 potions of curing {unknown}
Books
 e - a book of Geomancy

   Spells                             Type                      Level
   a - Sandblast                      Earth                        1
   b - Passwall                       Transmutation/Earth          2
   c - Stone Arrow                    Conjuration/Earth            3
   d - Petrify                        Transmutation/Earth          4
   e - Lee's Rapid Deconstruction     Earth                        5
Comestibles
 a - 2 fruits
 d - a bread ration
 i - a royal jelly


   Skills:
 - Level 2.4(2.1) Dodging
 - Level 2.4(2.1) Stealth
 - Level 3.0(2.7) Spellcasting
 - Level 4.6(4.3) Transmutations
 + Level 5.8(5.6) Earth Magic


You had 4 spell levels left.
You knew the following spells:

 Your Spells              Type           Power        Failure   Level  Hunger
e - Petrify               Tmut/Erth      ###.....     21%         4    ####...
f - Sandblast             Erth           ####..       1%          1    None
v - Passwall              Tmut/Erth      ###.......   2%          2    ##.....


Dungeon Overview and Level Annotations

Branches:
Dungeon (5/15)             Temple (1/1) D:4

Altars:
Ashenzari
Cheibriados
Elyvilon
Gozag
Hepliaklqana
Makhleb
Nemelex Xobeh
Okawaru
Ru
Sif Muna
Vehumet
Yredelemnul
The Shining One

Annotations:
D:5 Pikel


Message History

Casting: Sandblast
Confirm with . or Enter, or press ? or * to list all spells.
Aiming: Sandblast
Press: ? - help, Shift-Dir - straight line, f/p - orc
Aim: an orc, wielding a club and wearing a glowing scale mail (moderately wounded)
The blast of sand hits the orc.
The orc is moderately wounded.
The orc misses you.
Unknown command.
You see here a short sword.
Casting: Sandblast
Confirm with . or Enter, or press ? or * to list all spells.
Aiming: Petrify
Press: ? - help, Shift-Dir - straight line, f/p - orc
Aim: an orc, wielding a club and wearing a glowing scale mail (lightly wounded, chance to defeat MR: 69%)
You miscast Petrify.
You are very lightly contaminated with residual magic.
Rocks fall onto you out of nowhere!
Ouch! That really hurt!
You die...

....##.#.#.....######..........#
.......#.#........##..≈≈.≈≈..(.#
...............#####..≈#+#≈....#
.....###.#....>.......≈#_#≈....#
.....##....###........≈#'#≈.>..#
.....#..#..####.......≈≈.≈≈...##
.......##...<...##.......)....##
.....####....####o.##..........#
.........)......@.###..........#
####...##...####### #..........#
#..####...# #..........# #...##
#....# #..........# .... ####.#
##........## ##.# .# ##......##
#.. .# ######## $.. .#


You could see an orc.

Vanquished Creatures
  A phantom (D:4)
  An ogre (D:4)
  A crimson imp (D:4)
  An iguana (D:4)
  A howler monkey skeleton (D:4)
  An adder (D:3)
  2 worms (D:3)
  A dart slug (D:4)
  An orc (D:4)
  4 bats
  2 giant cockroaches
  2 hobgoblins
  2 jackals (D:1)
  3 kobolds
  2 frilled lizards
  A rat (D:3)
26 creatures vanquished.

Notes
Turn   | Place    | Note
-------+----------+-------------------------------------------
     0 | D:1      | Amnesiac the Deep Elf Earth Elementalist began the quest for the Orb.
     0 | D:1      | Reached XP level 1. HP: 10/10 MP: 6/6
   222 | D:2      | Reached XP level 2. HP: 15/15 MP: 6/8
   224 | D:2      | Reached skill level 4 in Earth Magic
   228 | D:2      | Learned a level 2 spell: Passwall
   363 | D:4      | Noticed a phantom
   583 | D:3      | Reached XP level 3. HP: 19/19 MP: 5/9
   730 | D:4      | Found a staircase to the Ecumenical Temple.
   731 | D:4      | Noticed an ogre
   734 | D:4      | Found a sparkling altar of Nemelex Xobeh.
   738 | D:4      | Killed an ogre
   738 | D:4      | Reached XP level 4. HP: 24/24 MP: 5/10
   748 | D:4      | Learned a level 4 spell: Petrify
   751 | Temple   | Entered the Ecumenical Temple
   902 | D:4      | Killed a phantom
   902 | D:4      | Reached skill level 5 in Earth Magic
   902 | D:4      | Reached XP level 5. HP: 25/28 MP: 2/11
   906 | D:4      | Found a burning altar of Makhleb.
   906 | D:4      | Found a radiant altar of Vehumet.
   973 | D:4      | Reached XP level 6. HP: 16/32 MP: 5/12
   982 | D:4      | Found an opulent altar of Gozag.
  1000 | D:5      | Entered Level 5 of the Dungeon
  1000 | D:5      | Noticed Pikel
  1000 | D:5      | Noticed a slave
  1003 | D:5      | Noticed a slave
  1018 | D:4      | Killed by miscasting Petrify

Vault maps used:
D:1:      dpeg_arrival_orchard, minmay_misc_feat_doors, minmay_pentomino_x2
D:2:      grunt_temple_overflow_forces_of_nature, marbit_many_paths,
          first_bread, minmay_rat_gold_closets
D:3:      roderic_whirl, minmay_fountain_box, minmay_distorted,
          uniq_crazy_yiuf_cottage
D:4:      grunt_temple_overflow_lords_of_destruction, overflow_temple_1_default,
          kennysheep_mini_moat, gup_sewer_entry_bubbles
D:5:      uniq_edmund, uniq_eustachio, uniq_duvessa, uniq_pikel
Temple:   nicolae_temple_figure_zero

Skill      XL: |  1  2  3  4 |
---------------+-------------+-----
Earth Magic    | 4 5 |  5.8
Transmutations | 2 4 |  4.6
Dodging        | |  2.4
Stealth        | |  2.4
Spellcasting   | |  3.0

Action                   |  1- 3 |  4- 6 || total
-------------------------+-------+-------++-------
 Cast: Sandblast         |    45 |    20 ||    65
Armor: Robe              |    13 |       ||    13
Dodge: Dodged            |    37 |    25 ||    62
